Description

marine hell bansh

Build Order

Get SALT Encoding   

    0:00  SCV  
    0:12  SCV  
    0:24  Supply Depot  
    0:38  SCV  
    0:40  Barracks  
    0:44  Refinery  
    0:50  SCV  
    1:02  SCV  
    1:14  SCV  
    1:27  Barracks Reactor, Orbital Command  
    1:40  Command Center  
    1:52  Supply Depot  
    1:53  SCV  
    2:03  Marine x2  
    2:05  SCV  
    2:10  Factory  
    2:17  SCV  
    2:20  Marine x2  
    2:25  Refinery  
    2:29  SCV  
    2:38  Marine x2  
    2:42  SCV  
    2:53  Orbital Command  
    2:55  SCV  
    2:56  Starport  
    3:02  Hellion x2  
    3:07  SCV  
    3:11  Tech Lab  
    3:19  SCV  
    3:20  SCV  
    3:24  Hellion x2  
    3:30  Supply Depot  
    3:37  SCV x2  
    3:45  Cloaking Field  
    3:50  Banshee  
  1  4:01  SCV  
    4:04  Tech Lab, SCV x2  
Spawning Tool Build Advisor. Get it on Overwolf

Go to:

Details

  • Created by: lucahecker
  • Published on: Mar 15, 2022
  • Modified on: Mar 15, 2022
  • Patch: 4.11.0
  • Difficulty: Medium
Show
View Real Time Build Order
Export as new Build Order

Comments (0)

There are no comments. Be the first!

Create an account to comment!